 Dungeon Crawl Stone Soup version 0.29.1-15-g9cfb28693d (webtiles) character file.

Game seed: 5656466847542755041

7 Jase the Ruffian (level 1, 16/16 HPs)
             Began as a Draconian Transmuter on Apr 24, 2023.
             Was a Follower of Zin.
             Quit the game on level 1 of the Dungeon.
             The game lasted 00:01:33 (789 turns).

Jase the Ruffian (Draconian Transmuter)              Turns: 789, Time: 00:01:34

Health: 16/16      AC:  5    Str: 12    XL:     1   Next: 83%
Magic:  3/3        EV: 12    Int: 13    God:    Zin [*.....]
Gold:   22         SH:  0    Dex: 11    Spells: 3/4 levels left

rFire   . . .      SeeInvis .     - Unarmed
rCold   . . .      Faith    .   (no shield)
rNeg    . . .      Spirit   .   (body armour unavailable)
rPois   .          Reflect  .   (helmet restricted)
rElec   .          Harm     .   (no cloak)
rCorr   .          Rampage  .   (no gloves)
Will    .....                   h - +0 pair of boots
Stlth   +.........              (no amulet)
HPRegen 0.05/turn               (no ring)
MPRegen 0.08/turn               (no ring)

@: no status effects
A: AC +4, unfitting armour, cold-blooded
a: Renounce Religion, Recite, Donate Gold


You were on level 1 of the Dungeon.
You worshipped Zin.
Zin was aware of your devotion.
You visited 1 branch of the dungeon, and saw 1 of its levels.

You collected 24 gold pieces.
You donated 2 gold pieces to Zin.

Inventory:

Missiles
 c - 4 stones
 f - 2 boomerangs
 j - 4 poisoned darts
Armour
 h - a +0 pair of boots (worn)
Scrolls
 b - a scroll of identify {unknown}
 g - a scroll of fear {unknown}
 i - a scroll of immolation {unknown}
Potions
 a - a potion of lignification
 d - a potion of berserk rage {unknown}
 e - a potion of heal wounds {unknown}


   Skills:
 - Level 1.1 Fighting
 - Level 1.7 Dodging
 + Level 3.1 Unarmed Combat
 - Level 2.0 Spellcasting
 * Level 2.4 Transmutations
 + Level 0.0 Invocations


You had 3 spell levels left.
You knew the following spells:

 Your Spells              Type           Power      Damage    Failure   Level
a - Beastly Appendage     Tmut           14%        N/A       10%         1

Your spell library contained the following spells:

 Spells                   Type           Power      Damage    Failure   Level
 Wereblood                Tmut           7%         N/A       14%         2
 Spider Form              Tmut/Pois      4%         N/A       43%         3
 Ice Form                 Ice/Tmut       4%         N/A       83%         4
 Animate Dead             Necr           1%         N/A       94%         4
 Haunt                    Necr/Summ      0%         N/A       100%        7
 Infestation              Necr           0%         N/A       100%        8


Dungeon Overview and Level Annotations

Branches:
Dungeon (1/15)

Altars:
Zin


Innate Abilities, Weirdness & Mutations

Your plain brown scales are hard. (AC +4)
You cannot fit into any form of body armour.
You are cold-blooded and may be slowed by cold attacks.


Message History

No target in view!
Your transformation is almost over.
Your horns disappear.
Your talons disappear.
Your +0 pair of boots unmelds from your body.
You pick up a book of Death and begin reading...
You add the spells Animate Dead, Haunt and Infestation to your library.
Okay, then.
Unknown command.
A ball python comes into view.
You grow a pair of large bovine horns.
Your feet morph into talons.
Your +0 pair of boots melds into your body.
The ball python bites you but does no damage.
The ball python completely misses you.
You closely miss the ball python. Your kick misses the ball python.
The ball python bites you. The ball python misses you.
You closely miss the ball python. You headbutt the ball python.
You kill the ball python!
No target in view!
Your transformation is almost over.
Your horns disappear.
Your talons disappear.
Your +0 pair of boots unmelds from your body.
HP restored.
You open the door.
Found a faded altar of an unknown god.
There is an open door here.
There is a faded altar of an unknown god here.
You cannot tell which god this altar belongs to.
Convert to them anyway?
Zin accepts your prayer! Zin welcomes you!
You pay a tithe of 2 gold.
You can now donate money to Zin.
You can now recite Zin's Axioms of Law.
There is an open door here.
A kobold comes into view. It is wielding a +0 dagger.
The kobold shouts!
Casting this spell will place you under penance.
Really cast?
Okay, then.
Unknown command.
Are you sure you want to abandon this character and quit the game? (Confirm with "yes".)
Okay, then.
Are you sure you want to abandon this character and quit the game? (Confirm with "yes".)

#######.#########
#..............)...
#.#######.#########
#.#>............##.
#.#.#####.#####.##.
#.#.#####.#.# #.##.
#K#.........# #.##.
#.#######.#.# #....
#.@.......#.# ####.
###########.# #....
#.# #.##. #.# #.##.
#.# #.##. #.# #.##.
#.# #.###
#########.# #.#
####.........# #.#


You could see a kobold.

Vanquished Creatures
  3 hobgoblins (D:1)
  A quokka (D:1)
  2 ball pythons (D:1)
6 creatures vanquished.

Notes
Turn   | Place    | Note
-------+----------+-------------------------------------------
     0 | D:1      | Jase the Draconian Transmuter began the quest for the Orb.
     0 | D:1      | Reached XP level 1. HP: 16/16 MP: 3/3
   740 | D:1      | Found a faded altar of an unknown god.
   746 | D:1      | Prayed at the altar of an unknown god.
   746 | D:1      | Became a worshipper of Zin the Law-Giver
   746 | D:1      | Reached * piety under Zin
   789 | D:1      | Quit the game

Illustrated notes

Levels and vault maps discovered:
D:1:      dpeg_arrival_rhombus, layout_basic,
          dreamdust_ecumenical_altar_angels_and_demons

Action                   || total
-------------------------++-------
Melee: Unarmed           ||    24
       Kick              ||     3
       Headbutt          ||     3
 Cast: Beastly Appendage ||     7
Armor: Skin              ||     5
Dodge: Dodged            ||    20
